MAA
LANCASTER FARMERS @ SALEM MISFITS
06/25/2019
 
TOP OF THE 1ST
Lancaster Farmers batting - Pitching for Salem Misfits : RHP Tom Rosas
Pitching: RHP Tom Rosas
Batting: RHB Fernando Castro 0-0: Ball
1-0: Fly out, F8 (Popup, 6MD)
Batting: RHB Adrian Smith 0-0: Ball
1-0: Ball
2-0: Called Strike
2-1: Foul Ball, location: 2F
2-2: Foul Ball, location: 2F
2-2: Strikes out swinging
Batting: LHB Dave Burns 0-0: Called Strike
0-1: Ball
1-1: Ball
2-1: Foul Ball, location: 2F
2-2: Ground out 4-3 (Groundball, 4)
Top of the 1st over - 0 run(s), 0 hit(s), 0 error(s), 0 left on base; Lancaster 0 - Salem 0
BOTTOM OF THE 1ST
Salem Misfits batting - Pitching for Lancaster Farmers : RHP Wilson Vélez
Pitching: RHP Wilson Vélez
Batting: SHB Alonso Márquez 0-0: Swinging Strike
0-1: Ball
1-1: Foul Ball, location: 2F
1-2: Foul Ball, location: 2F
1-2: Foul Ball, location: 2F
1-2: Foul Ball, location: 2F
1-2: Strikes out looking
Batting: RHB Raúl Reyna 0-0: Swinging Strike
0-1: Ground out 6-3 (Groundball, 6)
Batting: RHB Domingo Navarro 0-0: Foul Ball, location: 2F
0-1: Ground out 4-3 (Groundball, 4)
Bottom of the 1st over - 0 run(s), 0 hit(s), 0 error(s), 0 left on base; Lancaster 0 - Salem 0
TOP OF THE 2ND
Lancaster Farmers batting - Pitching for Salem Misfits : RHP Tom Rosas
Batting: RHB Eric Howard 0-0: Fly out, F8 (Flyball, 8RM)
Batting: RHB Fred Meyer 0-0: Called Strike
0-1: Foul Ball, location: 2F
0-2: Ball
1-2: Ball
2-2: Foul Ball, location: 2F
2-2: Strikes out swinging
Batting: RHB John Howell 0-0: Called Strike
0-1: Foul Ball, location: 2F
0-2: Ground out 2-3 (Groundball, 25)
Top of the 2nd over - 0 run(s), 0 hit(s), 0 error(s), 0 left on base; Lancaster 0 - Salem 0
BOTTOM OF THE 2ND
Salem Misfits batting - Pitching for Lancaster Farmers : RHP Wilson Vélez
Batting: RHB Alfredo Martínez 0-0: Ball
1-0: SINGLE (Line Drive, 56D)
Batting: LHB Júlio Valentín 0-0: Ball
1-0: Ball
2-0: Ball
3-0: Base on Balls
Alfredo Martínez to second
Batting: RHB Jong-duk Kim 0-0: Swinging Strike
0-1: Foul Ball, location: 2F
0-2: Grounds into double play, 6-4-3 (Groundball, 6)
Alfredo Martínez to third
Batting: RHB Will Robinson 0-0: Foul Ball, location: 2F
0-1: Called Strike
0-2: Foul Ball, location: 2F
0-2: Ball
1-2: Strikes out swinging
Bottom of the 2nd over - 0 run(s), 1 hit(s), 0 error(s), 1 left on base; Lancaster 0 - Salem 0
TOP OF THE 3RD
Lancaster Farmers batting - Pitching for Salem Misfits : RHP Tom Rosas
Batting: RHB Jack Sloan 0-0: Swinging Strike
0-1: Ground out 6-3 (Groundball, 6)
Batting: RHB Chuck Wolf 0-0: Ball
1-0: Foul Ball, location: 2F
1-1: Swinging Strike
1-2: Foul Ball, location: 2F
1-2: Strikes out swinging
Batting: LHB Rob Wilson 0-0: Ball
1-0: Swinging Strike
1-1: Ball
2-1: Foul Ball, location: 2F
2-2: Foul Ball, location: 2F
2-2: Ground out 6-3 (Groundball, 6)
Top of the 3rd over - 0 run(s), 0 hit(s), 0 error(s), 0 left on base; Lancaster 0 - Salem 0
BOTTOM OF THE 3RD
Salem Misfits batting - Pitching for Lancaster Farmers : RHP Wilson Vélez
Batting: SHB Emílio Gonzáles 0-0: Ball
1-0: Swinging Strike
1-1: Foul Ball, location: 2F
1-2: Strikes out swinging
Batting: SHB Arturo Romero 0-0: Ball
1-0: Ball
2-0: Called Strike
2-1: Fly out, F8 (Popup, 89S)
Batting: SHB Alonso Márquez 0-0: Ball
1-0: Called Strike
1-1: Ball
2-1: Ball
3-1: Base on Balls
Batting: RHB Raúl Reyna 0-0: Ball
1-0: Called Strike
1-1: Ball
2-1: Foul Ball, location: 2F
2-2: Foul Ball, location: 2F
2-2: Ball
3-2: DOUBLE (Line Drive, 78M)
Alonso Márquez to third
Alonso Márquez scores
Batting: RHB Domingo Navarro 0-0: Ball
1-0: Ball
2-0: Ball
3-0: Called Strike
3-1: Ground out 4-3 (Groundball, 4MS)
Bottom of the 3rd over - 1 run(s), 1 hit(s), 0 error(s), 1 left on base; Lancaster 0 - Salem 1
TOP OF THE 4TH
Lancaster Farmers batting - Pitching for Salem Misfits : RHP Tom Rosas
Batting: RHB Fernando Castro 0-0: Ground out 6-3 (Groundball, 6)
Batting: RHB Adrian Smith 0-0: Ball
1-0: Foul Ball, location: 2F
1-1: Ball
2-1: Foul Ball, location: 2F
2-2: Foul Ball, location: 2F
2-2: Ball
3-2: SINGLE (Groundball, 56D)
Batting: LHB Dave Burns 0-0: Swinging Strike
0-1: Ball
1-1: Swinging Strike
1-2: Strikes out swinging
Batting: RHB Eric Howard 0-0: Called Strike
0-1: Ball
1-1: Called Strike
1-2: Ball
2-2: DOUBLE (Line Drive, 8RM)
Adrian Smith to third
Runner from 3rd tries for Home, throw and OUT!
Top of the 4th over - 0 run(s), 2 hit(s), 0 error(s), 1 left on base; Lancaster 0 - Salem 1
BOTTOM OF THE 4TH
Salem Misfits batting - Pitching for Lancaster Farmers : RHP Wilson Vélez
Batting: RHB Alfredo Martínez 0-0: Called Strike
0-1: Called Strike
0-2: Ball
1-2: Strikes out swinging
Batting: LHB Júlio Valentín 0-0: Ball
1-0: Foul Ball, location: 2F
1-1: Ground out 4-3 (Groundball, 4)
Batting: RHB Jong-duk Kim 0-0: Foul Ball, location: 2F
0-1: Ball
1-1: Ball
2-1: Foul Ball, location: 2F
2-2: Ball
3-2: Strikes out looking
Bottom of the 4th over - 0 run(s), 0 hit(s), 0 error(s), 0 left on base; Lancaster 0 - Salem 1
TOP OF THE 5TH
Lancaster Farmers batting - Pitching for Salem Misfits : RHP Tom Rosas
Batting: RHB Fred Meyer 0-0: Called Strike
0-1: Called Strike
0-2: Ball
1-2: Foul Ball, location: 2F
1-2: SINGLE (Flyball, 9LM)
Batting: RHB John Howell 0-0: Called Strike
0-1: Fielders Choice at 2nd, 4-6 (Groundball, 34)
Batting: RHB Jack Sloan 0-0: Called Strike
0-1: Called Strike
0-2: Ball
1-2: Ball
2-2: Grounds into double play, 6-4-3 (Groundball, 6)
Top of the 5th over - 0 run(s), 1 hit(s), 0 error(s), 0 left on base; Lancaster 0 - Salem 1
BOTTOM OF THE 5TH
Salem Misfits batting - Pitching for Lancaster Farmers : RHP Wilson Vélez
Batting: RHB Will Robinson 0-0: Ball
1-0: Fly out, F8 (Flyball, 8RM)
Batting: SHB Emílio Gonzáles 0-0: Called Strike
0-1: Foul Ball, location: 2F
0-2: Ball
1-2: SOLO HOME RUN (Flyball, 78XD), Distance : 409 ft
Batting: SHB Arturo Romero 0-0: Called Strike
0-1: Called Strike
0-2: Strikes out swinging
Batting: SHB Alonso Márquez 0-0: Ball
1-0: Ground out 6-3 (Groundball, 6M)
Bottom of the 5th over - 1 run(s), 1 hit(s), 0 error(s), 0 left on base; Lancaster 0 - Salem 2
TOP OF THE 6TH
Lancaster Farmers batting - Pitching for Salem Misfits : RHP Tom Rosas
Batting: RHB Chuck Wolf 0-0: Ball
1-0: Foul Ball, location: 2F
1-1: Called Strike
1-2: Ball
2-2: Foul Ball, location: 2F
2-2: Strikes out swinging
Batting: LHB Rob Wilson 0-0: Foul Ball, location: 2F
0-1: Ball
1-1: Bunted foul
1-2: Foul Ball, location: 2F
1-2: Ball
2-2: Fly out, F6 (Popup, 6D)
Batting: RHB Fernando Castro 0-0: Fly out, F7 (Flyball, 78M)
Top of the 6th over - 0 run(s), 0 hit(s), 0 error(s), 0 left on base; Lancaster 0 - Salem 2
BOTTOM OF THE 6TH
Salem Misfits batting - Pitching for Lancaster Farmers : RHP Wilson Vélez
Batting: RHB Raúl Reyna 0-0: Called Strike
0-1: Fly out, F7 (Flyball, 7LM)
Batting: RHB Domingo Navarro 0-0: Fly out, F9 (Popup, 9LS)
Batting: RHB Alfredo Martínez 0-0: Ball
1-0: Ball
2-0: Called Strike
2-1: Swinging Strike
2-2: Foul Ball, location: 2F
2-2: Ball
3-2: Strikes out looking
Bottom of the 6th over - 0 run(s), 0 hit(s), 0 error(s), 0 left on base; Lancaster 0 - Salem 2
TOP OF THE 7TH
Lancaster Farmers batting - Pitching for Salem Misfits : RHP Tom Rosas
Batting: RHB Adrian Smith 0-0: Ball
1-0: Foul Ball, location: 2F
1-1: Ball
2-1: Ground out 6-3 (Groundball, 6)
Batting: LHB Dave Burns 0-0: Called Strike
0-1: Ball
1-1: Swinging Strike
1-2: Ball
2-2: Ball
3-2: Strikes out swinging
Batting: RHB Eric Howard 0-0: Ball
1-0: Ground out 5-3 (Groundball, 5L)
Top of the 7th over - 0 run(s), 0 hit(s), 0 error(s), 0 left on base; Lancaster 0 - Salem 2
BOTTOM OF THE 7TH
Salem Misfits batting - Pitching for Lancaster Farmers : RHP Wilson Vélez
Batting: LHB Júlio Valentín 0-0: Ball
1-0: Foul Ball, location: 2F
1-1: Ground out U3 (Groundball, 3)
Batting: RHB Jong-duk Kim 0-0: Ball
1-0: Ball
2-0: Called Strike
2-1: Ball
3-1: Foul Ball, location: 2F
3-2: Base on Balls
Batting: RHB Will Robinson 0-0: Ball
1-0: Ball
2-0: Ball
3-0: Base on Balls
Jong-duk Kim to second
Pinch Hitting: LHB Jay Carlson 0-0: Ball
1-0: Called Strike
1-1: Fly out, F7 (Line Drive, 78S)
Pinch Hitting: RHB José Casarreal 0-0: Ball
1-0: 3-RUN HOME RUN (Line Drive, 8RXD), Distance : 436 ft
Pitching: RHP Ted Thompson
Batting: SHB Alonso Márquez 0-0: Ball
1-0: Ball
2-0: Called Strike
2-1: Ball
3-1: Called Strike
3-2: Ground out 4-3 (Groundball, 4M)
Bottom of the 7th over - 3 run(s), 1 hit(s), 0 error(s), 0 left on base; Lancaster 0 - Salem 5
TOP OF THE 8TH
Lancaster Farmers batting - Pitching for Salem Misfits : RHP Tom Rosas
Now at C: John Townsend
Now at 1B: José Casarreal
Now at SS: Fernando Martínez
Batting: RHB Fred Meyer 0-0: Called Strike
0-1: Ball
1-1: Ball
2-1: Swinging Strike
2-2: Ball
3-2: Fly out, F8 (Flyball, 78D)
Batting: RHB John Howell 0-0: Ground out 5-3 (Groundball, 5)
Batting: RHB Jack Sloan 0-0: Called Strike
0-1: Foul Ball, location: 2F
0-2: Strikes out swinging
Top of the 8th over - 0 run(s), 0 hit(s), 0 error(s), 0 left on base; Lancaster 0 - Salem 5
BOTTOM OF THE 8TH
Salem Misfits batting - Pitching for Lancaster Farmers : RHP Ted Thompson
Batting: RHB Raúl Reyna 0-0: Foul Ball, location: 2F
0-1: Ball
1-1: Swinging Strike
1-2: Ball
2-2: Strikes out swinging
Batting: RHB Domingo Navarro 0-0: Called Strike
0-1: Reached on error, E4 (Groundball, 4M)
Batting: RHB John Townsend 0-0: Called Strike
0-1: Foul Ball, location: 2F
Error on foul ball, E5
0-2: Ball
1-2: Foul Ball, location: 2F
1-2: Fly out, F9 (Flyball, 9M)
Batting: LHB Júlio Valentín 0-0: Ball
1-0: Called Strike
1-1: Foul Ball, location: 2F
1-2: Hit by Pitch
Batting: RHB Jong-duk Kim 0-0: Ball
1-0: Called Strike
1-1: Swinging Strike
1-2: Fly out, F4 (Popup, 4MD)
Bottom of the 8th over - 0 run(s), 0 hit(s), 2 error(s), 2 left on base; Lancaster 0 - Salem 5
TOP OF THE 9TH
Lancaster Farmers batting - Pitching for Salem Misfits : RHP Tom Rosas
Batting: RHB Chuck Wolf 0-0: Called Strike
0-1: Fly out, F9 (Flyball, 9M)
Batting: LHB Rob Wilson 0-0: Called Strike
0-1: Called Strike
0-2: Foul Ball, location: 2F
0-2: Ball
1-2: Strikes out swinging
Batting: RHB Fernando Castro 0-0: Ball
1-0: Ball
2-0: Ball
3-0: Called Strike
3-1: SINGLE (Groundball, 4MD)
Pitching: LHP Jim Unknown
Batting: RHB Adrian Smith 0-0: SINGLE (Groundball, 6)
Fernando Castro to second
Batting: LHB Dave Burns 0-0: Called Strike
0-1: Foul Ball, location: 2F
0-2: Ball
1-2: Foul Ball, location: 2F
1-2: Strikes out looking
Top of the 9th over - 0 run(s), 2 hit(s), 0 error(s), 2 left on base; Lancaster 0 - Salem 5
This league is powered by Out of the Park Baseball, the baseball management simulation game for PC, Mac and Linux
Saturday, July 25th, 2015 - OOTP Baseball 15.6 Build 34